 Dungeon Crawl Stone Soup version 0.31.0-11-ge490571c62 (webtiles) character file.

Game seed: 5719623252117323922

142 ces the Shooter (level 5, 0/26 HPs)
             Began as a Spriggan Hunter on Jan 30, 2024.
             Was an Initiate of Gozag.
             Succumbed to a kobold brigand's curare-tipped dart
             ... in a sewer.
             The game lasted 00:03:30 (1879 turns).

ces the Shooter (Spriggan Hunter)                   Turns: 1879, Time: 00:03:31

Health: 0/26       AC:  3    Str:  7    XL:     5   Next: 4%
Magic:  6/6        EV: 19    Int: 10    God:    Gozag
Gold:   152        SH:  0    Dex: 21    Spells: 4/4 levels left

rFire   + . .        a - +0 shortbow
rCold   . . .        (shield currently unavailable)
rNeg    . . .        k - +1 robe "Qiextaip" {rC+}
rPois   .            (helmet restricted)
rElec   .            (no cloak)
rCorr   .            (gloves unavailable)
SInv    +            (boots unavailable)
Will    .....        (no amulet)
Stlth   +++          n - ring "Qoxauj" {Fire SInv}
HPRegen 0.24/turn    (no ring)
MPRegen 0.10/turn

%: no passive effects
@: lethally poisoned (0 -> -20), hasted and slowed, very quick
A: very small, no large weapons, unfitting armour, see invisible, speed 3
a: Renounce Religion, Potion Petition, Call Merchant, Bribe Branch


You were in a sewer.
You worshipped Gozag.
Gozag was aware of your devotion.
You visited 1 branch of the dungeon, and saw 3 of its levels.
You also visited: Sewer.

You collected 172 gold pieces.
You paid 20 gold pieces to Gozag.

Inventory:

Hand Weapons
 a - a +0 shortbow (weapon)
Armour
 k - the +1 robe "Qiextaip" (worn) {rC+}
   (You found it on level 2 of the Dungeon)

   rC+:       It protects you from cold.
Jewellery
 m - a ring of flight
 n - the ring "Qoxauj" (left hand) {Fire SInv}
   (You found it on level 3 of the Dungeon)

   [ring of fire]

   Fire:      It enhances your fire magic.
   rF+:       It protects you from fire.
   rC-:       It makes you vulnerable to cold.
   SInv:      It lets you see invisible.
 q - a +4 ring of slaying
Scrolls
 b - 2 scrolls of butterflies
 f - a scroll of fear {unknown}
 g - a scroll of teleportation {unknown}
 h - a scroll of enchant armour {unknown}
 i - a scroll of identify {unknown}
 j - a scroll of vulnerability {unknown}
 l - 2 scrolls of fog
 o - a scroll of blinking {unknown}
 p - a scroll of revelation {unknown}


   Skills:
 - Level 2.0 Fighting
 + Level 5.6 Ranged Weapons
 - Level 3.4 Dodging
 - Level 3.1 Stealth


You had 4 spell levels left.
You didn't know any spells.
Your spell library contained the following spells:

 Spells                   Type           Power      Damage    Failure   Level
 Magic Dart               Conj           0%         1d3       36%         1
 Blink                    Tloc           0%         N/A       50%         2
 Call Imp                 Summ           0%         N/A       50%         2
 Static Discharge         Conj/Air       0%         3-3/arc   50%         2
 Airstrike                Air            0%         2d(0-16)  98%         4
 Dimensional Bullseye     Hex/Tloc       0%         N/A       98%         4
 Flame Wave               Conj/Fire      0%         2d4       98%         4
 Summon Lightning Spire   Summ/Air       0%         N/A       98%         4
 Haunt                    Necr/Summ      0%         N/A       100%        7
 Orb of Destruction       Conj           0%         9d5       100%        7
 Infestation              Necr           0%         N/A       100%        8
 Animate Dead             Necr           Unusable   N/A       N/A         4

Dungeon Overview and Level Annotations

Branches:
Dungeon (3/15)              Sewer (1/1)

Altars:
Dithmenos
Gozag
Uskayaw
Yredelemnul


Innate Abilities, Weirdness & Mutations

You are very small and have problems with some larger weapons.
You are too small for most types of armour.
You have supernaturally acute eyesight. (SInv)
You cover ground extremely quickly. (Speed+++)


Message History

You shoot an arrow. The arrow hits the kobold.
You kill the kobold!
You hear a splash. x2
You shoot an arrow.
The arrow hits the kobold brigand but does no damage.
You aren't carrying any items that you can evoke.
You shoot an arrow. The arrow hits the kobold brigand.
The kobold brigand is lightly wounded.
The kobold brigand throws a curare-tipped dart.
The curare-tipped dart misses you.
You shoot an arrow. The arrow hits the kobold brigand.
The kobold brigand is lightly wounded.
The kobold brigand throws a curare-tipped dart.
The curare-tipped dart hits you.
You are poisoned.
You have difficulty breathing.
You feel yourself slow down.
It was a potion of haste.
You feel yourself speed up.
You feel very sick.
A kobold brigand comes into view.
It is wielding a +0 club and quivering poisoned darts.
The kobold brigand throws a curare-tipped dart.
The curare-tipped dart hits you.
You are lethally poisoned!
You have difficulty breathing.
You feel as though you will be slow longer.
Okay, then.
Okay, then.
There is a lethal amount of poison in your body!
Okay, then.
Unknown command.
The air fills with toxic fumes!
As you read the scroll labelled KAISHR RIPRITIHEM, it crumbles to dust.
It was a scroll of poison.
* * * LOW HITPOINT WARNING * * *
You feel very sick.
The kobold brigand shouts!
As you read the scroll labelled INOLOO XUETAO, it crumbles to dust.
It is a scroll of enchant weapon.
Okay, then.
You die...
Your body crumbles into a pile of gold.

#~.~~~..# #§K§§§§§#
#§§§§§§§# #K§§§§§§#
#§§§§§§§# #§§§§§§§#
################§§§§§§§#
~~~~~~~~~§§§§§§§§§§§§§§#
################@§§§§§§#
##§§§§§## #§§§§§#
#§§§§§### #§§§§§§§#
#§§§§§### #§§§§§#
##§§§## #≈≈~#


You could see 2 kobold brigands.

Vanquished Creatures
  A hound (D:3)
  3 adders
  A river rat (Sewer)
  4 dart slugs
  3 ribbon worms
  5 bats
  2 endoplasms (D:1)
  4 giant cockroaches
  6 goblins
  6 hobgoblins
  4 kobolds
  3 quokkas
  10 ball pythons
  2 frilled lizards
  8 rats
62 creatures vanquished.

Notes
Turn   | Place    | Note
-------+----------+-------------------------------------------
     0 | D:1      | ces the Spriggan Hunter began the quest for the Orb.
     0 | D:1      | Reached XP level 1. HP: 10/10 MP: 2/2
   100 | D:1      | Reached XP level 2. HP: 15/15 MP: 3/3
   453 | D:1      | Got the Precepts of Conflict and Imprecation
   567 | D:2      | Reached XP level 3. HP: 18/18 MP: 4/4
   795 | D:2      | Found a faded altar of an unknown god.
   899 | D:2      | Identified the +1 robe "Qiextaip" {rC+}
  1260 | D:3      | Reached XP level 4. HP: 23/23 MP: 5/5
  1278 | D:3      | Found a basalt altar of Yredelemnul.
  1285 | D:3      | Found an opulent altar of Gozag.
  1293 | D:3      | Became a worshipper of Gozag Ym Sagoz the Greedy
  1296 | D:3      | Found a hide-covered altar of Uskayaw.
  1297 | D:3      | Found a shadowy altar of Dithmenos.
  1328 | D:3      | Reached skill level 5 in Ranged Weapons
  1346 | D:3      | Identified the ring "Qoxauj" {Fire SInv}
  1576 | D:3      | Found a glowing drain.
  1666 | Sewer    | Entered a sewer
  1673 | Sewer    | Reached XP level 5. HP: 15/26 MP: 6/6
  1879 | Sewer    | Succumbed to a kobold brigand's curare-tipped dart

Illustrated notes

Levels and vault maps discovered:
D:1:      amcnicky_arrival_flooded_fountain, layout_basic
D:2:      layout_basic, shapermc_ecumenical_altar_mp_highgroup
D:3:      layout_rooms, minitemple, portal_sewer_entry_a
Sewer:    sewer_kobolds

Skill      XL: |  1  2  3  4 |
---------------+-------------+-----
Stealth        | 2 3 |  3.1
Dodging        | 3 |  3.4
Fighting       | 2 |  2.0
Ranged Weapons | 5 |  5.6

Action                     |  1- 3 |  4- 6 || total
---------------------------+-------+-------++-------
   Fire: Shortbow          |   112 |    57 ||   169
    Use: Scroll            |       |     3 ||     3
         Potion            |       |     1 ||     1
 Armour: Robe              |     6 |     7 ||    13
  Dodge: Dodged            |    20 |    16 ||    36
